 Dungeon Crawl Stone Soup version 0.19.4 (webtiles) character file.

74 Jerry the Chucker (level 4, -3/48 HPs)
             Began as an Ogre Hunter on Feb 1, 2017.
             Slain by a goblin
             ... wielding a +0 club
             ... led by Robin
              (4 damage)
             ... on level 1 of the Dungeon.
             The game lasted 00:04:24 (1829 turns).

Jerry the Chucker (Ogre Hunter)                     Turns: 1829, Time: 00:04:25

Health: -3/48      AC:  3    Str: 18    XL:     4   Next: 28%
Magic:  4/4        EV: 10    Int: 10    God:
Gold:   76         SH:  0    Dex: 10    Spells: 0 memorised, 3 levels left

rFire  . . .     SeeInvis .     p - +0 club
rCold  . . .     Gourm    .     b - +0 robe
rNeg   . . .     Faith    .     (no shield)
rPois  .         Spirit   .     (helmet restricted)
rElec  .         Reflect  .     (no cloak)
rCorr  .         Harm     .     (gloves unavailable)
MR     .....                    (boots unavailable)
Stlth  +.........               (no amulet)
                                (no ring)
                                (no ring)

@: lethally poisoned (-3 -> -5)
A: unfitting armour, tough skin 1
a: no special abilities


You were on level 1 of the Dungeon.
You were not hungry.

You visited 1 branch of the dungeon, and saw 2 of its levels.

You collected 76 gold pieces.

Inventory:

Hand Weapons
 a - a +0 short sword
 p - a +0 club (weapon)
Missiles
 d - 2 throwing nets (quivered)
Armour
 b - a +0 robe (worn)
Scrolls
 j - a scroll of fear {unknown}
 n - a scroll of random uselessness {unknown}
 q - a scroll of magic mapping {unknown}
 s - 2 scrolls of identify {unknown}
Potions
 e - a potion of flight {unknown}
 g - a potion of degeneration {unknown}
 i - a potion of berserk rage {unknown}
 l - a potion of lignification {unknown}
 m - a potion of might {unknown}
 o - a potion of brilliance {unknown}
 r - 2 potions of curing {unknown}
Comestibles
 f - a bread ration
 h - a royal jelly
 k - 2 meat rations


   Skills:
 + Level 3.8 Fighting
 + Level 2.0 Maces & Flails
 + Level 4.6 Throwing
 - Level 1.7 Dodging
 - Level 1.3 Stealth


You had 3 spell levels left.
You didn't know any spells.

Dungeon Overview and Level Annotations

Branches:
Dungeon (2/15)

Altars:
Cheibriados

Annotations:
D:2 Robin


Innate Abilities, Weirdness & Mutations

You are too large for most types of armour.
You have tough skin. (AC +1)


Message History

The worker ant bites you but does no damage.
You hit the worker ant but do no damage.
The worker ant is moderately wounded.
You feel sick. The goblin hits you with a club. The worker ant bites you.
* * * LOW HITPOINT WARNING * * *
You are too injured to fight recklessly!
You are too injured to fight recklessly!
You are too injured to fight recklessly!
You are too injured to fight recklessly!
Throwing (i - inventory. (,) - cycle):
c - a large rock (quivered)
Press: ? - help, Shift-Dir - straight line, f - worker ant
Aim: a worker ant (moderately wounded)
You throw a large rock.
The large rock barely misses the worker ant.
You feel sick. The goblin barely misses you. The worker ant bites you.
* * * LOW HITPOINT WARNING * * *
The worker ant bites you.
* * * LOW HITPOINT WARNING * * *
The goblin hits you with a club.
You die...

#.........## #......#
####≈ #.........#
#......# ≈≈§§≈
#.........# ######.#
≈§§≈≈§ #.........#
###.# ≈§≈≈#§≈
#.........# #...#
≈≈≈≈≈≈≈ #.........#
#.### #≈≈≈§≈≈
########### #.#
####### ####.##
########@....#
#.....##ga...#
#.....##.....#
########.....##.....#
#.....##.)...##....(#
####..##.....##.....#
#..##.....##.....#
#..##.÷.(.##.....#
#.###....(##.....#


You could see a worker ant and a goblin.

Vanquished Creatures
  4 adders (D:2)
  An ooze (D:2)
  A dart slug (D:2)
  3 giant cockroaches (D:1)
  6 goblins
  5 hobgoblins
  3 ball pythons
  A frilled lizard (D:1)
  6 kobolds
  A rat (D:1)
31 creatures vanquished.

Notes
Turn   | Place    | Note
-------+----------+-------------------------------------------
     0 | D:1      | Jerry the Ogre Hunter began the quest for the Orb.
     0 | D:1      | Reached XP level 1. HP: 22/22 MP: 1/1
   120 | D:1      | Reached skill level 1 in Stealth
   277 | D:1      | Reached XP level 2. HP: 25/29 MP: 2/2
  1163 | D:2      | Reached XP level 3. HP: 23/37 MP: 3/3
  1340 | D:2      | Reached skill level 1 in Maces & Flails
  1542 | D:2      | Found a snail-covered altar of Cheibriados.
  1582 | D:2      | Reached XP level 4. HP: 20/48 MP: 4/4
  1781 | D:2      | Noticed Robin
  1829 | D:1      | HP: 1/48 [worker ant (6)]
  1829 | D:1      | Slain by a goblin

Skill      XL: |  1  2  3  4 |
---------------+-------------+-----
Stealth        | 1 |  1.3
Fighting       | 3 |  3.8
Maces & Flails | 1 2 |  2.0
Throwing       | |  4.6
Dodging        | |  1.7

Action                   |  1- 3 |  4- 6 || total
-------------------------+-------+-------++-------
Melee: Short sword       |    65 |       ||    65
       Club              |    51 |    10 ||    61
Throw: Large rock        |     4 |     5 ||     9
  Eat: Chunk             |     2 |     1 ||     3
Armor: Robe              |    34 |     5 ||    39
Dodge: Dodged            |    59 |    14 ||    73
